 Dungeon Crawl Stone Soup version 0.29.1-15-g9cfb28693d (webtiles) character file.

Game seed: 8669067730921852559

16 blackman0220 the Firebug (level 2, -2/20 HPs)
             Began as a Demonspawn Fire Elementalist on Mar 9, 2023.
             Slain by a gnoll
             ... wielding a +0 spear
              (7 damage)
             ... on level 4 of the Dungeon.
             The game lasted 00:08:47 (674 turns).

blackman0220 the Firebug (DsFE)                      Turns: 674, Time: 00:08:48

Health: -2/20      AC:  2    Str:  7    XL:     2   Next: 37%
Magic:  0/5        EV: 12    Int: 20    God:
Gold:   57         SH:  4    Dex: 12    Spells: 2/5 levels left

rFire   . . .      SeeInvis .   e - +0 sling
rCold   . . .      Faith    .   (no shield)
rNeg    . . .      Spirit   .   a - +0 robe
rPois   .          Reflect  .   (no helmet)
rElec   .          Harm     .   (no cloak)
rCorr   .          Rampage  .   (no gloves)
Will    .....                   (no boots)
Stlth   ++........              (no amulet)
HPRegen 0.06/turn               (no ring)
MPRegen 0.09/turn               (no ring)

@: no status effects
A: condensation shield, hooves 1, clever 1, robust 1
a: no special abilities


You were on level 4 of the Dungeon.
You visited 1 branch of the dungeon, and saw 4 of its levels.

You collected 57 gold pieces.

Inventory:

Hand Weapons
 c - a +0 short sword
 e - a +0 sling (weapon)
Missiles
 f - 8 stones
Armour
 a - a +0 robe (worn)
Scrolls
 d - a scroll of immolation {unknown}
Potions
 b - a potion of magic
 g - a potion of invisibility {unknown}


   Skills:
 + Level 0.4 Ranged Weapons
 + Level 2.0 Dodging
 + Level 1.7 Stealth
 + Level 2.1 Spellcasting
 + Level 1.1 Conjurations
 + Level 3.0 Fire Magic


You had 2 spell levels left.
You knew the following spells:

 Your Spells              Type           Power      Damage    Failure   Level
a - Foxfire               Conj/Fire      40%        2x1d6     7%          1
b - Shock                 Conj/Air       16%        1d4       12%         1
c - Beastly Appendage     Tmut           4%         N/A       16%         1

Your spell library contained the following spells:

 Spells                   Type           Power      Damage    Failure   Level
 Scorch                   Fire           28%        2d6       7%          2
 Wereblood                Tmut           2%         N/A       24%         2
 Conjure Flame            Conj/Fire      10%        6-21      21%         3
 Inner Flame              Hex/Fire       8%         N/A       26%         3
 Spider Form              Tmut/Pois      2%         N/A       43%         3
 Swiftness                Air            2%         N/A       43%         3
 Flame Wave               Conj/Fire      10%        2d6       54%         4
 Airstrike                Air            1%         2d(1-17)  83%         4


Dungeon Overview and Level Annotations

Branches:
Dungeon (4/15)
 Temple: D:4-7

Altars:


Innate Abilities, Weirdness & Mutations

A meltable shield of frost defends you. (SH +4)
You have large cloven feet.
Your mind is acute. (Int +4, Str/Dex -1)
You are robust. (+10% HP)


Message History

The foxfire hits the goblin.
The goblin is severely wounded.
A gnoll comes into view. It is wielding a +0 spear.
Things that are here:
a +0 whip; a kobold corpse Unknown command.
e - a +0 sling (weapon)
Fire: e) +0 sling
Press: ? - help, Q - select action, (/) - cycle Shift-Dir - straight line, f - goblin
Aim: a goblin, wielding a +0 club (severely wounded, 43% to hit)
You shoot a sling bullet. The sling bullet hits the goblin.
You kill the goblin!
Fire: e) +0 sling
Press: ? - help, Q - select action, (/) - cycle Shift-Dir - straight line, f - gnoll
Aim: a gnoll, wielding a +0 spear (56% to hit)
You shoot a sling bullet.
The sling bullet hits the gnoll but does no damage.
You hear a shout!
The gnoll hits you from afar with a +0 spear.
You hear a shout!
Casting: Foxfire (safe; 7% risk of failure)
Confirm with . or Enter, or press ? or * to list all spells.
You conjure some foxfire!
A gnoll comes into view. It is wielding a +0 spear.
The gnoll barely misses you.
Your foxfire dissipates!
The foxfire hits the gnoll.
The gnoll is lightly wounded.
The gnoll barely misses you.
Things that are here:
a +0 short sword; a kobold corpse A gnoll comes into view.
It is wielding a +0 spear.
There is a stone staircase leading up here.
The gnoll hits you from afar with a +0 spear!
* * * LOW HITPOINT WARNING * * *
Casting: Foxfire (safe; 7% risk of failure)
Confirm with . or Enter, or press ? or * to list all spells.
You conjure some foxfire!
The gnoll hits you from afar with a +0 spear!
You die...

# .#####
###......
#v.......
####### #@#
.....# #v#
#.#.###g#######
#...g)gg.......
###.###.#######
#.# #.#
###g###.#
..###.......##
.............#


You could see 3 gnolls.

Vanquished Creatures
  A ball python (D:2)
  2 endoplasms
  A giant cockroach (D:2)
  A goblin (D:4)
  A hobgoblin (D:1)
  3 kobolds
  A quokka (D:1)
  A bat (D:1)
  2 frilled lizards (D:1)
  2 rats (D:1)
15 creatures vanquished.

Vanquished Creatures (others)
  19 foxfires
19 creatures vanquished.

Grand Total: 34 creatures vanquished

Notes
Turn   | Place    | Note
-------+----------+-------------------------------------------
     0 | D:1      | blackman0220 the Demonspawn Fire Elementalist began the
                  | quest for the Orb.
     0 | D:1      | Reached XP level 1. HP: 13/13 MP: 3/3
   384 | D:1      | Gained mutation: You are robust. (+10% HP) [potion of
                  | mutation]
   384 | D:1      | Gained mutation: You have large cloven feet. [potion of
                  | mutation]
   384 | D:1      | Gained mutation: Your mind is acute. (Int +4, Str/Dex -1)
                  | [potion of mutation]
   469 | D:1      | Reached skill level 3 in Fire Magic
   492 | D:1      | Learned a level 1 spell: Shock
   494 | D:1      | Learned a level 1 spell: Beastly Appendage
   544 | D:2      | Gained mutation: A meltable shield of frost defends you.
                  | (SH +4) [demonic ancestry]
   544 | D:2      | Reached XP level 2. HP: 18/20 MP: 5/5
   674 | D:4      | Slain by a gnoll

Illustrated notes

Levels and vault maps discovered:
D:1:      lemuel_arrival_lava_pool, layout_loops_corners,
          basic_ecumenical_altar, minmay_pentomino_r2
D:2:      layout_basic, basic_altar, chequers_serial_rivers_room_a
D:3:      layout_basic, uniq_crazy_yiuf_cottage
D:4:      layout_loops_ring, palyth_stone_intersect

Skill      XL: |  1 |
---------------+----+-----
Dodging        | 2 |  2.0
Fire Magic     | 3 |  3.0
Ranged Weapons | |  0.4
Stealth        | |  1.7
Spellcasting   | |  2.1
Conjurations   | |  1.1

Action                   || total
-------------------------++-------
Melee: Short sword       ||     7
       Kick              ||     1
 Fire: Sling             ||     9
 Cast: Foxfire           ||    18
       Shock             ||     2
       Beastly Appendage ||     1
  Use: Potion            ||     2
Armor: Robe              ||     5
Dodge: Dodged            ||    20
